Map: Sueño eterno EE

Players

MrFercho

  • Race: Zerg Zerg
  • League: Silver
  • Spawn Location: 7:00

littlefs - Winner!

  • Race: Protoss Protoss
  • League: Diamond
  • Spawn Location: 1:00

VOD

Have the link to the VOD?

Description

Time

  • Played on: June 7, 2020, 10:17 p.m.
  • Length: 6:22
Show
View Real Time Build Order
Export as new Build Order

MrFercho Zerg 

Build Orders: Pool First 

Get SALT Encoding   

  12  0:01  Drone  
  13  0:13  Overlord  
  13  0:19  Drone  
  14  0:31  Drone  
  14  0:32  Drone  
  16  0:38  Drone  
  17  0:49  Spawning Pool  
  16  0:54  Drone  
  16  0:57  Drone  
  18  1:08  Drone  
  19  1:19  Drone  
  20  1:26  Hatchery  
  20  1:29  Drone  
  20  1:42  Extractor  
  20  1:44  Drone  
  20  1:51  Drone  
  21  2:02  Overlord  
  21  2:12  Drone  
  22  2:20  Queen  
  24  2:23  Overlord  
  24  2:33  Drone  
  25  2:39  Drone  
  26  2:44  Drone  
  27  3:04  Queen  
  29  3:16  Evolution Chamber  
  28  3:21  Drone x3  
  28  3:22  Drone x3  
  34  3:29  Extractor  
  34  3:32  Extractor  
  34  3:33  Roach Warren  
  31  3:38  Drone  
  31  3:39  Drone x3  
  35  3:43  Drone  
  35  3:46  Lair  
  36  3:48  Queen  
  36  3:53  Drone x2  
  36  3:54  Drone  
  41  4:05  Overlord x2  
  41  4:11  Zerg Missile Weapons Level 1  
  41  4:15  Drone  
  42  4:17  Drone  
  42  4:18  Drone  
  42  4:23  Drone  
  45  4:24  Drone  
  45  4:30  Drone  
  47  4:35  Drone  
  48  4:54  Drone x3  
  48  4:56  Drone  
  48  4:58  Hatchery  
  51  5:04  Drone  
  52  5:08  Drone  
  53  5:36  Roach x2  
  53  5:37  Roach x2  
  48  5:57  Roach x2  
  48  5:58  Roach  
Show
View Real Time Build Order
Export as new Build Order

littlefs Protoss - Winner!

Build Orders: 1 Gate Expand 

Get SALT Encoding   

  12  0:01  Probe  
  13  0:13  Probe  
  14  0:18  Pylon  
  14  0:25  Probe  
  15  0:37  Probe (Chrono Boost)  
  15  0:39  Gateway  
  16  0:49  Assimilator, Probe (Chrono Boost)  
  17  0:55  Probe (Chrono Boost)  
  18  1:04  Probe  
  19  1:16  Probe  
  20  1:29  Nexus  
  20  1:38  Cybernetics Core  
  20  1:41  Probe  
  21  1:48  Assimilator  
  21  1:53  Pylon  
  21  1:57  Probe  
  22  2:09  Probe  
  22  2:13  Adept (Chrono Boost)  
  23  2:17  Warp Gate  
  25  2:23  Robotics Facility  
  25  2:26  Probe  
  26  2:38  Probe (Chrono Boost)  
  26  2:40  Stalker  
  29  2:47  Probe (Chrono Boost)  
  29  2:51  Probe (Chrono Boost)  
  31  2:57  Probe (Chrono Boost)  
  32  3:00  Probe (Chrono Boost)  
  33  3:09  Gateway  
  33  3:12  Immortal (Chrono Boost)  
  37  3:21  Pylon  
  37  3:30  Probe  
  37  3:31  Probe  
  37  3:33  Sentry  
  41  3:43  Probe  
  41  3:44  Immortal (Chrono Boost)  
  45  3:59  Gateway, Sentry  
  45  4:00  Gateway  
  45  4:01  Probe  
  48  4:04  Probe  
  49  4:18  Warp Prism (Chrono Boost)  
  49  4:20  Gateway  
  51  4:24  Pylon  
  51  4:27  Probe  
  52  4:34  Sentry  
  54  4:38  Pylon  
  54  4:54  Gateway  
  54  4:55  Sentry x2  
  54  4:56  Gateway, Sentry  
  60  5:07  Pylon  
  60  5:10  Pylon  
  60  5:13  Pylon  
  60  5:14  Zealot  
  60  5:15  Zealot  
  64  5:30  Stalker x2  
  64  5:31  Stalker  
  70  5:47  Stalker x2  
  74  5:53  Adept x2  
Tags
 
Add a new tag
Caveats
  • Supply blocks, unpowered buildings, or Contaminate may cause inaccurate times.
  • Supply counts are checked every 10 seconds.